 Dungeon Crawl Stone Soup version 0.30-a0-591-g3c58d2bc28 (webtiles) character file.

Game seed: 7732411586625651019

33076 spardeous the Spry (level 13, -4/63 HPs)
             Began as a Felid Earth Elementalist on Jan 5, 2023.
             Was an Initiate of Gozag.
             Shot with an arrow by a centaur warrior (26 damage)
             ... on level 14 of the Dungeon on Jan 6, 2023.
             The game lasted 01:40:49 (31544 turns).

spardeous the Spry (Felid Earth Elementalist)      Turns: 31544, Time: 01:40:50

Health: -4/63      AC:  7    Str:  4    XL:     13   Next: 34%
Magic:  15/27      EV: 29    Int: 21    God:    Gozag
Gold:   1431       SH:  0    Dex: 17    Spells: 23/31 levels left
                                        Lives:  0   Deaths: 3

rFire   + . .      SeeInvis +      - Unarmed
rCold   . . .      Faith    .    (shield unavailable)
rNeg    . . .      Spirit   .    (body armour unavailable)
rPois   +          Reflect  .    (helmet unavailable)
rElec   .          Harm     .    (cloak unavailable)
rCorr   .          Rampage  .    (gloves unavailable)
Will    ++...                    (boots unavailable)
Stlth   ++++                     c - amulet of magic regeneration
HPRegen 0.30/turn                n - ring of fire
MPRegen 0.60/turn                C - ring of willpower

@: studying Ice Magic, quick
A: very small, claws 1, fangs 3, see invisible, speed 1, shaggy fur 3, stealthy
paws, no weapons or thrown items, no armour, multi-lived, iridescent scales 2,
poison resistance
a: Renounce Religion, Potion Petition, Call Merchant, Bribe Branch


You were on level 14 of the Dungeon.
You worshipped Gozag.
Gozag was most pleased with you.
You visited 4 branches of the dungeon, and saw 22 of its levels.
You also visited: Ice Cave.

You collected 8231 gold pieces.
You spent 240 gold pieces at shops.
You paid 6560 gold pieces to Gozag.

Inventory:

Armour
 O - a +0 crystal plate armour of cold resistance
Jewellery
 c - an amulet of magic regeneration (around neck)
 n - a ring of fire (left paw)
 q - a ring of resist corrosion
 x - a ring of ice
 C - a ring of willpower (right paw)
 G - an amulet of reflection
 I - a ring of protection from fire
 N - a ring of ice
Wands
 s - a wand of roots (6)
 t - a wand of light (7)
 v - a wand of charming (16)
 H - a wand of digging (2)
Scrolls
 b - a scroll of summoning
 d - 4 scrolls of identify
 e - 3 scrolls of vulnerability
 f - 6 scrolls of teleportation
 g - 5 scrolls of poison
 h - 3 scrolls of enchant armour
 j - 2 scrolls of torment
 p - 3 scrolls of amnesia
 u - 5 scrolls of fog
 y - 7 scrolls of enchant weapon
 A - 2 scrolls of immolation
 F - a scroll of blinking
 K - 4 scrolls of magic mapping
 L - 2 scrolls of fear
Potions
 a - 2 potions of magic
 i - 4 potions of lignification
 k - 3 potions of heal wounds
 l - 2 potions of resistance
 m - 8 potions of attraction
 o - 3 potions of haste
 r - a potion of mutation
 w - 6 potions of flight
 z - a potion of berserk rage
 B - 2 potions of cancellation
 D - a potion of brilliance
 E - 7 potions of curing
 J - a potion of might
 P - a potion of ambrosia {unknown}
 Q - a potion of degeneration {unknown}
Miscellaneous
 M - a condenser vane


   Skills:
 - Level 11.1 Fighting
 + Level 16.2 Dodging
 - Level 7.2 Stealth
 - Level 6.0 Unarmed Combat
 - Level 9.9 Spellcasting
 - Level 10.1 Conjurations
 - Level 11.1 Transmutations
 - Level 10.1 Earth Magic
 - Level 5.1 Evocations


You had 23 spell levels left.
You knew the following spells:

 Your Spells              Type           Power      Damage    Failure   Level
a - Sandblast             Erth           100%       2d20      1%          1
b - Stone Arrow           Conj/Erth      100%       3d13      1%          3
c - Petrify               Tmut/Erth      53%        N/A       1%          4

Your spell library contained the following spells:

 Spells                   Type           Power      Damage    Failure   Level
 Magic Dart               Conj           100%       1d8       1%          1
 Passwall                 Tmut/Erth      44%        N/A       1%          2
 Searing Ray              Conj           100%       2d8       1%          2
 Wereblood                Tmut           55%        N/A       1%          2
 Hailstorm                Conj/Ice       31%        3d8       2%          3
 Ignite Poison            Fire/Tmut/Pois 39%        N/A       4%          3
 Mephitic Cloud           Conj/Pois/Air  24%        N/A       4%          3
 Necrotise                Necr           40%        1d6       7%          1
 Slow                     Hex            40%        N/A       7%          1
 Summon Small Mammal      Summ           40%        N/A       7%          1
 Ice Form                 Ice/Tmut       33%        N/A       7%          4
 Fulminant Prism          Conj/Hex       15%        3d10      9%          4
 Call Imp                 Summ           10%        N/A       10%         2
 Sublimation of Blood     Necr           10%        N/A       10%         2
 Call Canine Familiar     Summ           10%        N/A       21%         3
 Confusing Touch          Hex            10%        N/A       21%         3
 Gell's Gravitas          Tloc           10%        N/A       21%         3
 Kindle Blastsparks       Fire/Tloc/Air  30%        2d12      21%         3
 Ozocubu's Armour         Ice            10%        N/A       21%         3
 Summon Guardian Golem    Hex/Summ       10%        N/A       21%         3
 Teleport Other           Tloc           10%        N/A       21%         3
 Vampiric Draining        Necr           10%        2d6       21%         3
 Freezing Cloud           Conj/Ice/Air   12%        6-21      41%         5
 Passage of Golubria      Tloc           10%        N/A       54%         4
 Eringya's Noxious Bog    Tmut/Pois      16%        N/A       71%         6
 Agony                    Necr           10%        N/A       88%         5
 Metabolic Englaciation   Hex/Ice        5%         N/A       88%         5
 Silence                  Hex/Air        5%         N/A       88%         5
 Dispersal                Tloc           5%         N/A       100%        6
 Summon Hydra             Summ           5%         N/A       100%        7
 Lehudib's Crystal Spear  Conj/Erth      26%        10d7      100%        8
 Polar Vortex             Ice            5%         N/A       100%        9
 Simulacrum               Ice/Necr       Unusable   N/A       N/A         6

Dungeon Overview and Level Annotations

Branches:
Dungeon (14/15)            Temple (1/1) D:4            Lair (5/5) D:11
  Swamp (0/4) Lair:3       Spider (0/4) Lair:3        Slime (0/5) Lair:5
    Orc (2/2) D:11            Elf (0/3) Orc:2        Vaults (0/5) D:14
  IceCv (visited)

Altars:
Ashenzari
Cheibriados
Dithmenos
Elyvilon
Fedhas
Gozag
Hepliaklqana
Kikubaaqudgha
Makhleb
Nemelex Xobeh
Okawaru
Qazlal
Ru
Sif Muna
Trog
Uskayaw
Vehumet
Wu Jian
Xom
Yredelemnul
Zin
The Shining One
Jiyva

Shops:
D:5 [   D:11 [:==*!==   Orc:2 =*[(

Portals:
Trove: D:10 (give 3 potions of resistance)

Annotations:
D:10 Urug
Lair:1 exclusion: oklob plant


Innate Abilities, Weirdness & Mutations

You have sharp claws.
You have razor-sharp teeth.
You have supernaturally acute eyesight. (SInv)
You cover ground quickly. (Speed+)
Your thick and shaggy fur keeps you warm. (AC +3, rC+)
Your paws help you pounce on unaware monsters.
You are incapable of wielding weapons or throwing items.
You cannot wear armour.
You gain extra lives every three experience levels.
You are mostly covered in iridescent scales. (AC +4)
Your system is resistant to poisons. (rPois)


Message History

The skeletal warrior is moderately damaged.
There is an open door here.
Casting: Stone Arrow (safe; 1% risk of failure)
Confirm with . or Enter, or press ? or * to list all spells.
Aiming: Stone Arrow (safe; 1% risk of failure)
Press: ? - help, Shift-Dir - straight line, f/p - skeletal warrior
Aim: a skeletal warrior, wielding a +0 war axe (lightly damaged, 78% to hit)
The stone arrow misses the skeletal warrior.
Casting: Stone Arrow (safe; 1% risk of failure)
Confirm with . or Enter, or press ? or * to list all spells.
Aiming: Stone Arrow (safe; 1% risk of failure)
Press: ? - help, Shift-Dir - straight line, f/p - skeletal warrior
Aim: a skeletal warrior, wielding a +0 war axe (lightly damaged, 78% to hit)
The stone arrow hits the skeletal warrior!!
The skeletal warrior is heavily damaged.
Casting: Stone Arrow (safe; 1% risk of failure)
Confirm with . or Enter, or press ? or * to list all spells.
Aiming: Stone Arrow (safe; 1% risk of failure)
Press: ? - help, Shift-Dir - straight line, f/p - skeletal warrior
Aim: a skeletal warrior, wielding a +0 war axe (heavily damaged, 78% to hit)
The stone arrow misses the skeletal warrior.
The skeletal warrior completely misses you.
Casting: Stone Arrow (safe; 1% risk of failure)
Confirm with . or Enter, or press ? or * to list all spells.
Aiming: Stone Arrow (safe; 1% risk of failure)
Press: ? - help, Shift-Dir - straight line, f/p - skeletal warrior
Aim: a skeletal warrior, wielding a +0 war axe (heavily damaged, 78% to hit)
The stone arrow misses the skeletal warrior.
The centaur warrior shouts!
The centaur warrior wields a +0 longbow.
The centaur warrior shoots an arrow.
The arrow hits you!
The centaur warrior shoots an arrow.
The arrow hits you!
The centaur warrior shoots an arrow.
The arrow completely misses you.
The centaur warrior shoots an arrow.
The arrow misses you. The skeletal warrior misses you.
The centaur warrior shoots an arrow.
The arrow hits you! The skeletal warrior barely misses you.
The centaur warrior shoots an arrow.
The arrow hits you!!
You die...
Your body crumbles into a pile of gold.

####.## ##c.# #..### #..## #
##...# #z## #
##########.########'## #
#...........##.....c.#
####...........##.......#
#............<.##....<..#
'.##............#.......####
####............@.z.....'...
# #...........#........####
# ##############.......#
#########


You could see a skeletal warrior and a centaur warrior.

Vanquished Creatures
  Rupert (D:12)
  Gastronok (Lair:1)
  Frances (D:13)
  An orc warlord (Orc:2)
  A reaper (IceCv)
  5 dire elephants (Lair:5)
  Snorg (Orc:1)
  An ettin (D:12)
  Fannar (D:12)
  2 hydras
  The ghost of olddryhag the Cruncher, a journeyman DsGl of Uskayaw (D:12)
  7 two-headed ogres
  3 boulder beetles
  2 centaur warriors
  2 tengu warriors
  7 death yaks
  A spectral dire elephant (Lair:5)
  An orc high priest (Orc:2)
  Amaemon (Lair:3)
  Nergalle (Orc:2)
  2 spectral death yaks (Lair:5)
  7 skeletal warriors
  A spectral anaconda (Lair:5)
  An obsidian statue (Lair:5)
  A swamp dragon (Lair:3)
  A lindwurm (Lair:5)
  3 necromancers (Lair:5)
  5 orc knights
  5 orc sorcerers
  2 wolf spiders (Lair:3)
  3 manticores
  15 elephants
  5 cyclopes
  A dire elephant zombie (Lair:5)
  2 ice statues (IceCv)
  A black mamba (Lair:1)
  A torpor snail (Lair:3)
  An orange demon (Lair:3)
  Maggie (D:6)
  A dire elephant skeleton (Lair:5)
  10 cane toads
  An unseen horror (D:12)
  A kobold demonologist (D:14)
  Psyche (D:10)
  2 centaur skeletons (D:14)
  6 ice devils (IceCv)
  9 komodo dragons
  An anaconda simulacrum (IceCv)
  2 rime drakes
  A merfolk (D:11)
  4 trolls
  5 blink frogs (Lair:3)
  A polar bear (Lair:5)
  5 dream sheep (Lair:5)
  A spectral elephant (Lair:5)
  15 slime creatures
  3 wraiths
  Sigmund (D:4)
  A centaur simulacrum (D:13)
  A culicivora (Lair:3)
  3 wyverns
  2 dire elephant simulacra (IceCv)
  3 vampires
  43 yaks
  3 basilisks
  2 steam dragons
  4 vampire mosquitoes (D:11)
  A warg (Orc:2)
  3 harpy simulacra (IceCv)
  Duvessa (D:7)
  2 acid dragons
  17 water moccasins
  4 hydra simulacra (IceCv)
  22 orc warriors
  A sky beast (D:7)
  12 wolves
  A black bear (D:7)
  7 ogres
  11 centaurs
  3 elephant zombies (Lair:5)
  2 elephant skeletons (Lair:5)
  2 kobold brigands
  15 bullfrogs
  A necrophage (D:6)
  A gnoll sergeant (D:10)
  6 scorpions
  2 two-headed ogre simulacra
  2 cane toad simulacra
  5 wights
  Dowan (D:7)
  3 elephant simulacra
  12 killer bees
  6 howler monkeys
  2 hounds
  2 jellies
  18 orc priests
  A gnoll bouda (D:4)
  Terence (D:2)
  4 iguanas
  19 orc wizards
  4 troll simulacra
  A boggart skeleton (D:14)
  A spriggan simulacrum (D:13)
  12 gnolls
  5 adders
  3 naga simulacra (D:13)
  A shadow imp (D:6)
  An ufetubus (D:6)
  2 worms
  A dart slug (D:5)
  68 orcs
  5 ball pythons
  4 bats
  11 endoplasms
  4 giant cockroaches (D:2)
  6 goblins
  3 hobgoblins (D:1)
  2 jackals (D:4)
  24 kobolds
  4 quokkas
  11 frilled lizards
  3 rats
597 creatures vanquished.

Vanquished Creatures (others)
  Joseph (D:7)
  A bush (Lair:3)
  19 fungi
  34 plants
  21 withered plants (Lair:5)
76 creatures vanquished.

Grand Total: 673 creatures vanquished

Notes
Turn   | Place    | Note
-------+----------+-------------------------------------------
     0 | D:1      | spardeous the Felid Earth Elementalist began the quest for
                  | the Orb.
     0 | D:1      | Reached XP level 1. HP: 7/7 MP: 4/4
   193 | D:1      | Reached skill level 3 in Dodging
   202 | D:1      | Reached XP level 2. HP: 11/11 MP: 1/6
   862 | D:2      | Found an ancient bone altar of Kikubaaqudgha.
   875 | D:2      | Reached XP level 3. HP: 6/14 MP: 5/7
  1037 | D:2      | Noticed Terence
  1147 | D:2      | Killed Terence
  1148 | D:2      | Reached skill level 4 in Dodging
  1417 | D:2      | Reached XP level 4. HP: 15/18 MP: 6/8
  2007 | D:3      | Reached skill level 5 in Dodging
  2132 | D:3      | Found a white marble altar of Elyvilon.
  2151 | D:3      | Found a shimmering altar of Xom.
  2151 | D:3      | Found an ancient bone altar of Kikubaaqudgha.
  2204 | D:3      | Found a blossoming altar of Fedhas.
  2437 | D:4      | Found a staircase to the Ecumenical Temple.
  2440 | D:4      | Noticed an ogre
  2446 | Temple   | Entered the Ecumenical Temple
  2464 | Temple   | Became a worshipper of Gozag Ym Sagoz the Greedy
  2539 | D:4      | Killed an ogre
  2540 | D:4      | Reached XP level 5. HP: 21/21 MP: 7/9
  2580 | D:4      | Noticed Sigmund
  2884 | D:4      | Reached skill level 6 in Dodging
  2987 | D:4      | Noticed an ogre
  3012 | D:4      | Killed an ogre
  3013 | D:4      | Gained mutation: You are covered in thick fur. (AC +2)
                  | [Felid growth]
  3013 | D:4      | Reached XP level 6. HP: 24/24 MP: 10/10
  3018 | D:4      | Reached skill level 5 in Earth Magic
  3215 | D:4      | Learned a level 3 spell: Stone Arrow
  3220 | D:4      | Learned a level 4 spell: Petrify
  3230 | D:4      | Killed Sigmund
  3231 | D:4      | Reached skill level 7 in Dodging
  3231 | D:4      | Reached XP level 7. HP: 15/27 MP: 9/11
  3332 | D:5      | Entered Level 5 of the Dungeon
  3601 | D:5      | Found a radiant altar of Vehumet.
  3609 | D:5      | Found a hide-covered altar of Uskayaw.
  3614 | D:5      | Found a sacrificial altar of Ru.
  3614 | D:5      | Found a sparkling altar of Nemelex Xobeh.
  3621 | D:5      | Found a shimmering blue altar of Sif Muna.
  3730 | D:5      | Reached skill level 8 in Dodging
  4021 | D:5      | Found Ytac's Antique Armour Emporium.
  4041 | D:5      | Reached skill level 9 in Dodging
  4202 | D:5      | Reached XP level 8. HP: 31/31 MP: 12/12
  4596 | D:6      | Noticed Maggie
  5171 | D:6      | Reached skill level 10 in Dodging
  5340 | D:6      | Killed Maggie
  5627 | D:6      | Found a snail-covered altar of Cheibriados.
  5632 | D:6      | Reached XP level 9. HP: 27/34 MP: 14/17
  5791 | D:6      | Reached skill level 5 in Spellcasting
  5896 | D:7      | Noticed Dowan
  5905 | D:7      | Noticed Duvessa
  6137 | D:7      | HP: 1/32 [wight/+1 dire flail of distortion (23)]
  6667 | D:7      | Killed Duvessa
  6668 | D:7      | Reached skill level 1 in Conjurations
  6684 | D:7      | Killed Dowan
  6714 | D:7      | Killed Joseph
  8017 | D:8      | Reached skill level 5 in Conjurations
  8297 | D:8      | Found an ornate altar of the Wu Jian Council.
  8629 | D:9      | Reached XP level 10. HP: 37/37 MP: 14/20
  9141 | D:10     | Entered Level 10 of the Dungeon
  9228 | D:10     | Noticed Urug
  9243 | D:10     | Noticed Psyche
  9250 | D:10     | Killed Psyche
  9375 | D:10     | Found a portal to a secret trove of treasure.
  9647 | D:10     | Reached skill level 1 in Fighting
  9672 | D:10     | Noticed a manticore
  9679 | D:10     | Killed a manticore
 10392 | D:10     | Reached XP level 11. HP: 24/45 MP: 21/21
 10570 | D:11     | Found Geemnuut's Armour Emporium.
 10764 | D:11     | Noticed a two-headed ogre
 10782 | D:11     | Reached skill level 5 in Stealth
 10814 | D:11     | Reached skill level 10 in Conjurations
 10815 | D:11     | Noticed a death yak
 10823 | D:11     | Killed a two-headed ogre
 10881 | D:11     | Found a staircase to the Lair.
 10883 | D:11     | Noticed a death yak
 10883 | D:11     | Noticed a death yak
 10911 | D:11     | Noticed a death yak
 10912 | D:11     | Noticed a death yak
 10966 | D:10     | Killed a death yak
 11034 | D:11     | Found a staircase to the Orcish Mines.
 11171 | D:11     | Reached skill level 5 in Fighting
 11271 | D:11     | Noticed a death yak
 11303 | D:11     | Killed a death yak
 11334 | D:11     | Noticed a death yak
 11378 | D:11     | Killed a death yak
 11496 | D:11     | Killed a death yak
 11532 | D:11     | Killed a death yak
 11636 | D:11     | Killed a death yak
 11641 | D:11     | Killed a death yak
 11862 | D:11     | Reached skill level 11 in Dodging
 12508 | Lair:1   | Entered Level 1 of the Lair of Beasts
 12544 | Lair:1   | Noticed Gastronok
 13034 | Lair:1   | Gained mutation: Your thick and shaggy fur keeps you warm.
                  | (AC +3, rC+) [Felid growth]
 13034 | Lair:1   | Reached XP level 12. HP: 20/52 MP: 16/22
 13267 | Lair:1   | Noticed a boulder beetle
 13805 | Lair:1   | Reached skill level 5 in Transmutations
 14065 | D:11     | Identified a scroll of acquirement
 14074 | D:11     | Acquired 794 gold pieces
 14433 | Lair:1   | Killed a boulder beetle
 14609 | Lair:1   | Killed Gastronok
 14831 | D:12     | Noticed a centaur warrior
 14832 | D:12     | Noticed a two-headed ogre
 14868 | D:11     | Bought a potion of curing for 45 gold pieces
 14868 | D:11     | Bought a potion of heal wounds for 75 gold pieces
 14868 | D:11     | Bought a potion of heal wounds for 75 gold pieces
 14868 | D:11     | Bought a potion of curing for 45 gold pieces
 14871 | D:11     | Gained mutation: You are partially covered in iridescent
                  | scales. (AC +2) [potion of mutation]
 14871 | D:11     | Gained mutation: Your system is resistant to poisons.
                  | (rPois) [potion of mutation]
 14871 | D:11     | Gained mutation: You are mostly covered in iridescent
                  | scales. (AC +4) [potion of mutation]
 15096 | Lair:2   | Reached skill level 10 in Earth Magic
 15796 | Lair:3   | Reached skill level 1 in Evocations
 16049 | Lair:3   | Noticed Amaemon
 16061 | Lair:3   | Reached skill level 12 in Dodging
 16126 | Lair:3   | Killed Amaemon
 16248 | Lair:3   | Found a hole to the Spider Nest.
 16577 | Lair:3   | You fall into a shaft and drop 2 floors!
 16577 | Lair:5   | Entered Level 5 of the Lair of Beasts
 16585 | Lair:5   | Noticed a boulder beetle
 16592 | Lair:5   | Slain by a boulder beetle
 16593 | Lair:5   | Reached XP level 11. HP: 0/48 MP: 19/22
 16647 | Lair:5   | Noticed a lindwurm
 16878 | Lair:4   | Reached skill level 5 in Evocations
 16884 | Lair:4   | Reached XP level 12. HP: 33/52 MP: 5/23
 16907 | Lair:4   | Reached skill level 13 in Dodging
 17381 | Lair:4   | Noticed a four-headed hydra
 17413 | Lair:4   | Killed a four-headed hydra
 17414 | Lair:4   | Reached skill level 14 in Dodging
 18178 | Lair:3   | Found a staircase to the Swamp.
 18416 | Lair:3   | Reached skill level 15 in Dodging
 19592 | Lair:5   | Found a runed translucent door.
 19592 | Lair:5   | Found a viscous altar of Jiyva.
 19592 | Lair:5   | Found a staircase to the Slime Pits.
 19946 | Lair:5   | Killed a boulder beetle
 19947 | Lair:5   | Reached XP level 13. HP: 58/58 MP: 4/25
 20028 | Lair:5   | Noticed a dire elephant
 20028 | Lair:5   | Noticed a dire elephant
 20190 | Lair:5   | Noticed a dire elephant
 20190 | Lair:5   | Noticed a dire elephant
 20191 | Lair:5   | Noticed a dire elephant
 20222 | Lair:5   | Killed a dire elephant
 21257 | Lair:5   | Killed a dire elephant
 21258 | Lair:5   | Reached skill level 10 in Transmutations
 21440 | Lair:5   | Killed a dire elephant
 21484 | Lair:5   | HP: 2/54 [constriction (2)]
 21602 | Lair:5   | Killed a dire elephant
 21698 | Lair:5   | Killed a dire elephant
 21836 | Lair:5   | Got Sif Muna's Disquisition on Doom and the Shapeshifter
 22231 | Orc:1    | Entered Level 1 of the Orcish Mines
 22561 | Orc:2    | Entered Level 2 of the Orcish Mines
 22569 | Orc:2    | Noticed Snorg
 23396 | Orc:2    | Noticed an orc warlord
 23687 | Orc:2    | Reached XP level 14. HP: 65/65 MP: 10/27
 23987 | Orc:2    | Killed an orc warlord
 23988 | Orc:2    | Reached skill level 10 in Fighting
 24019 | Orc:2    | Noticed Nergalle
 24193 | Orc:2    | Killed Nergalle
 24398 | Orc:2    | Found Gohykko's General Store.
 24454 | Orc:2    | Found Vaill's Antique Armour Emporium.
 24511 | Orc:2    | Found Ziet's Antique Weapon Emporium.
 24527 | Orc:2    | Found Wiaj's Jewellery Emporium.
 24547 | Orc:2    | Found a staircase to the Elven Halls.
 24888 | Orc:1    | Killed Snorg
 26709 | D:11     | Reached skill level 1 in Unarmed Combat
 27057 | D:12     | Found a transporter.
 27189 | D:12     | Noticed olddryhag's ghost (journeyman DsGl)
 27191 | D:12     | Identified the +8 great mace of the Furious {freeze, rF+
                  | rCorr Stlth+}
 27191 | D:12     | Identified the +6 great mace of the Shining Light {flame,
                  | rPois Str+2 SInv}
 27499 | D:12     | Noticed Fannar
 27507 | D:12     | Killed Fannar
 27820 | D:12     | Found a transporter.
 28089 | D:12     | Killed olddryhag's ghost
 28198 | D:12     | Reached skill level 5 in Unarmed Combat
 28258 | D:13     | Noticed Frances
 28474 | D:13     | Noticed Rupert
 28474 | D:13     | Found a frozen archway.
 28545 | IceCv    | Entered an ice cave
 29084 | IceCv    | Noticed a reaper
 29156 | IceCv    | Killed a reaper
 29255 | D:13     | Mangled by a sun demon
 29256 | D:13     | Reached XP level 13. HP: -9/63 MP: 24/27
 29881 | D:12     | Paralysed by Rupert for 3 turns
 29913 | D:12     | Killed Rupert
 29982 | D:13     | Mangled by a troll simulacrum
 29983 | D:13     | Reached XP level 12. HP: -6/60 MP: 19/26
 30051 | D:13     | Killed Frances
 30343 | D:13     | Reached XP level 13. HP: 52/63 MP: 19/27
 31319 | D:14     | Reached skill level 16 in Dodging
 31403 | D:14     | Found a gate to the Vaults.
 31544 | D:14     | Shot with an arrow by a centaur warrior

Illustrated notes

Levels and vault maps discovered:
D:1:      lightli_arrival_flooded_house, layout_loops_ring
D:2:      layout_loops_corners, basic_altar, serial_park_tiny_2, uniq_terence
D:3:      layout_rooms, fedhas_altar_4, minitemple
D:4:      layout_loops_ring, minmay_temple_entry_junction, minmay_lizard_king,
          uniq_sigmund
D:5:      layout_loops_ring, nicolae_overflow_hallway_of_the_gods, serial_shops,
          nicolae_take_the_stairs
D:6:      layout_loops_ring, kennysheep_little_box, uniq_maggie
D:7:      layout_loops_ring, serial_rivers, chequers_serial_rivers_small_a,
          chequers_serial_rivers_marsh, chequers_serial_rivers_room_b,
          chequers_serial_rivers_small_b, chequers_serial_rivers_large_b,
          chequers_serial_rivers_micro_b, dk_noncrumbling_2,
          small_statue_intersection, lemuel_flamethrower_2, uniq_duvessa,
          uniq_joseph
D:8:      layout_gridville, nicolae_wu_jian_immortal_techniques, hex_medium,
          minmay_misc_feat_four_crosses
D:9:      layout_roguey
D:10:     layout_basic, nicolae_trove_entry_crossroad, uniq_urug, uniq_psyche
D:11:     layout_long_grid, dpeg_lair_monsters, orc_david_3, hangedman_fish_farm
D:12:     layout_stronghold, gammafunk_ghost_smash, uniq_fannar
D:13:     layout_rooms, portal_ice_cave_entry_ice_simulacra,
          kennysheep_decorative_pillar, uniq_frances, uniq_rupert
D:14:     layout_roguey, hangedman_vaults_entry_quadrant_bands,
          minmay_misc_feat_nine_boxes, serial_shops, shop_statue
Temple:   nicolae_temple_ecumenical_triangle
Lair:1:   minmay_lair_oklob_tunnel, layout_gridlike, nzn_sisyphean_effort,
          grunt_megastairs_3, uniq_gastronok
Lair:2:   layout_chaotic_city, beast_lair_carwin_8, lemuel_fruit_tree,
          infiniplex_staircase_pool_2
Lair:3:   layout_small_grid, minmay_swamp_entry_reptiles,
          spider_nest_entry_funnel_web, lemuel_fruit_fields, grunt_megastairs_4,
          uniq_amaemon
Lair:4:   layout_cave_pods
Lair:5:   due_jungle_book, layout_regular_city, slime_entry_2
Orc:1:    layout_caves, mines1_david
Orc:2:    grunt_orc_cross, layout_caves, uniq_snorg

Skill      XL: |  1  2  3  4  5  6  7  8  9 10 11 12 13 14 |
---------------+-------------------------------------------+-----
Dodging        | 3 4 5 6 7 9 10 11 15 16 | 16.2
Earth Magic    | 3 4 5 6 7 9 10 | 10.1
Spellcasting   | 4 6 7 8 9 |  9.9
Conjurations   | 6 9 10 | 10.1
Fighting       | 3 6 8 11 10 | 11.1
Stealth        | 4 5 7 6 |  7.2
Transmutations | 7 11 | 11.1
Evocations     | 5 4 |  5.1
Unarmed Combat | 6 |  6.0

Action                   |  1- 3 |  4- 6 |  7- 9 | 10-12 | 13-15 || total
-------------------------+-------+-------+-------+-------+-------++-------
Melee: Unarmed           |     1 |     1 |     4 |     5 |     9 ||    20
       Bite              |       |       |       |     1 |     1 ||     2
 Cast: Sandblast         |    55 |    93 |   252 |   151 |   112 ||   663
       Stone Arrow       |       |       |     9 |   524 |   727 ||  1260
       Petrify           |       |       |       |    27 |    43 ||    70
Invok: Call Merchant     |       |       |       |     4 |     3 ||     7
Evoke: Wand              |       |       |       |    14 |    19 ||    33
  Use: Potion            |       |       |     6 |     4 |     2 ||    12
       Scroll            |       |       |       |    23 |     8 ||    31
 Stab: Petrified         |       |       |       |       |     9 ||     9
Armor: Skin              |     1 |       |     8 |    19 |    33 ||    61
Dodge: Dodged            |    12 |    23 |   123 |   266 |   431 ||   855

Table legend: (Time is in decaauts)
 A = Elapsed time spent in this place.
 B = Non-inter-level travel time spent in this place.
 C = Inter-level travel time spent in this place.
 D = Time resting spent in this place.
 E = Time spent auto-exploring this place.
 F = Levels seen in this place.
 G = Mean time per level.
                   A        B        C        D        E       F      G
               +--------+--------+--------+--------+--------+-----+--------+
         Total |  27897 |  26580 |   1317 |   3687 |  13437 |  23 | 1212.9 |
       Dungeon |  16480 |  15590 |    890 |   2251 |   7862 |  14 | 1177.1 |
        Temple |     43 |     38 |      5 |      0 |     28 |   1 |   43.0 |
          Lair |   8284 |   7912 |    372 |    776 |   4434 |   5 | 1656.8 |
  Orcish Mines |   2483 |   2433 |     50 |    514 |   1111 |   2 | 1241.5 |
      Ice Cave |    605 |    605 |      0 |    144 |      0 |   1 |  605.0 |
               +--------+--------+--------+--------+--------+-----+--------+

Top non-repeatable levels by time:
    D:11: 3298 daAuts
  Lair:5: 2909 daAuts
    D:12: 2006 daAuts
  Lair:1: 1902 daAuts
   Orc:2: 1797 daAuts
     D:6: 1630 daAuts
     D:7: 1381 daAuts
  Lair:4: 1365 daAuts
  Lair:3: 1331 daAuts
    D:13: 1320 daAuts
    D:10: 1174 daAuts
     D:5: 952 daAuts
     D:4: 879 daAuts
     D:2: 866 daAuts
  Lair:2: 774 daAuts
